| TOP OF THE 1ST |
|
West Virginia Black Bears batting - Pitching for Rome Braves : RHP Jae-young Jhang
|
|
Pitching: RHP Jae-young Jhang
|
|
|
Batting: LHB Joe Hoover
|
0-0: Foul Ball, location: 2F 0-1: Called Strike 0-2: Ball 1-2: SINGLE (Flyball, 7LS, EV 85.0 MPH)
|
|
Batting: LHB Gregg Kellerman
|
0-0: Ball 1-0: Fielders Choice at 2nd, 6-4 (Groundball, 6M, EV 81.9 MPH)
|
|
Batting: RHB Mike Velazquez
|
0-0: SINGLE (Flyball, 5D, EV 100.0 MPH) Gregg Kellerman to second
|
|
Batting: RHB John Goynes
|
0-0: DOUBLE (Flyball, 78D, EV 99.4 MPH) Gregg Kellerman scores Mike Velazquez to third
|
|
Batting: LHB Brandon Sarni
|
0-0: Ball 1-0: Foul Ball, location: 2F 1-1: Ball 2-1: Swinging Strike 2-2: Ball 3-2: Base on Balls
|
|
Batting: LHB Donald Imre
|
0-0: Ball 1-0: Ball 2-0: Ball 3-0: Base on Balls Mike Velazquez scores John Goynes to third Brandon Sarni to second
|
|
Batting: SHB Mike Corley
|
0-0: Ball 1-0: Called Strike 1-1: SINGLE (Line Drive, 34D, EV 99.4 MPH) John Goynes scores Brandon Sarni to third Donald Imre to second Runner from 3rd tries for Home, SAFE, throw by RF to home
|
|
Batting: RHB Richard Barrios
|
0-0: Ball 1-0: DOUBLE (Line Drive, 8LXD, EV 106.2 MPH) Donald Imre scores Mike Corley to third Runner from 3rd tries for Home, SAFE, throw by CF to home
|
|
Batting: RHB Steve Dennis
|
0-0: Foul Ball, location: 2F 0-1: Ball 1-1: Fly out, F7 (Flyball, 7S, EV 85.6 MPH)
|
|
Batting: LHB Joe Hoover
|
0-0: Foul Ball, location: 2F 0-1: Ground out 4-3 (Groundball, 4, EV 85.6 MPH)
|
| Top of the 1st over - 6 runs, 5 hits, 0 errors, 1 left on base; West Virginia 6 - Rome 0 |
| BOTTOM OF THE 1ST |
|
Rome Braves batting - Pitching for West Virginia Black Bears : RHP Ian Toney
|
|
Pitching: RHP Ian Toney
|
|
|
Batting: RHB Alex Velasquez
|
0-0: Swinging Strike 0-1: Called Strike 0-2: Foul Ball, location: 2F 0-2: Ball 1-2: Ground out U3 (Groundball, 3, EV 91.2 MPH)
|
|
Batting: RHB Brandon Burrell
|
0-0: Ball 1-0: Called Strike 1-1: Ball 2-1: Ball 3-1: Foul Ball, location: 2F 3-2: Base on Balls
|
|
Batting: RHB Ike Trout
|
0-0: Ball Wild Pitch! Brandon Burrell to second 1-0: Swinging Strike 1-1: Swinging Strike 1-2: Foul Ball, location: 2F 1-2: Foul Ball, location: 2F 1-2: Ball 2-2: Ground out 6-3 (Groundball, 6, EV 85.0 MPH)
|
|
Batting: LHB Mike Tenorio
|
0-0: Called Strike 0-1: Swinging Strike 0-2: Foul Ball, location: 2F 0-2: Strikes out swinging
|
| Bottom of the 1st over - 0 runs, 0 hits, 0 errors, 1 left on base; West Virginia 6 - Rome 0 |
| TOP OF THE 2ND |
|
West Virginia Black Bears batting - Pitching for Rome Braves : RHP Jae-young Jhang
|
|
Batting: LHB Gregg Kellerman
|
0-0: Ball 1-0: Ball 2-0: Called Strike 2-1: Ball 3-1: Called Strike 3-2: Strikes out swinging
|
|
Batting: RHB Mike Velazquez
|
0-0: Ball 1-0: Fly out, F9 (Flyball, 89M, EV 79.4 MPH)
|
|
Batting: RHB John Goynes
|
0-0: Foul Ball, location: 2F 0-1: Fly out, F7 (Flyball, 7S, EV 85.0 MPH)
|
| Top of the 2nd over - 0 runs, 0 hits, 0 errors, 0 left on base; West Virginia 6 - Rome 0 |
| BOTTOM OF THE 2ND |
|
Rome Braves batting - Pitching for West Virginia Black Bears : RHP Ian Toney
|
|
Batting: RHB Jose Ramos
|
0-0: Ball 1-0: Ball 2-0: Called Strike 2-1: Ball 3-1: Called Strike 3-2: Foul Ball, location: 2F 3-2: Strikes out looking
|
|
Batting: RHB Tim Molchan
|
0-0: Foul Ball, location: 2F 0-1: Called Strike 0-2: Ball 1-2: Ball 2-2: Reached on error, E4 (Flyball, 4MD, EV 88.8 MPH)
|
|
Batting: RHB Peter Wheeler
|
0-0: Called Strike 0-1: Called Strike 0-2: Ball 1-2: SINGLE (Groundball, 6MD, EV 104.4 MPH) Tim Molchan to second
|
|
Batting: LHB Malik Boulay
|
0-0: Ball 1-0: Ball 2-0: Grounds into double play, 4-6-3 (Groundball, 4, EV 76.9 MPH)
|
| Bottom of the 2nd over - 0 runs, 1 hit, 1 error, 1 left on base; West Virginia 6 - Rome 0 |
| TOP OF THE 3RD |
|
West Virginia Black Bears batting - Pitching for Rome Braves : RHP Jae-young Jhang
|
|
Batting: LHB Brandon Sarni
|
0-0: Called Strike 0-1: Ground out U3 (Groundball, 34S, EV 80.0 MPH)
|
|
Batting: LHB Donald Imre
|
0-0: Called Strike 0-1: Ball 1-1: Ball 2-1: Called Strike 2-2: Ball 3-2: Base on Balls
|
|
Batting: SHB Mike Corley
|
0-0: Ball Donald Imre steals 2nd base 1-0: Ball 2-0: Called Strike 2-1: Fly out, F9 (Line Drive, 9D, EV 89.4 MPH)
|
|
Batting: RHB Richard Barrios
|
0-0: Ball 1-0: Ball 2-0: Fly out, F6 (Flyball, 56D, EV 95.0 MPH)
|
| Top of the 3rd over - 0 runs, 0 hits, 0 errors, 1 left on base; West Virginia 6 - Rome 0 |
| BOTTOM OF THE 3RD |
|
Rome Braves batting - Pitching for West Virginia Black Bears : RHP Ian Toney
|
|
Batting: RHB Adrian Billups
|
0-0: Called Strike 0-1: SINGLE (Line Drive, 78M, EV 92.5 MPH)
|
|
Batting: RHB Alex Velasquez
|
0-0: Ball 1-0: Ball 2-0: Called Strike 2-1: 2-RUN HOME RUN (Line Drive, 7LD, EV 96.2 MPH), Distance : 352 ft
|
|
Batting: RHB Brandon Burrell
|
0-0: Ground out 6-3 (Groundball, 6D, EV 98.8 MPH)
|
|
Batting: RHB Ike Trout
|
0-0: Ball 1-0: Foul Ball, location: 2F 1-1: Ball 2-1: Fly out, F3 (Flyball, 3D, EV 78.1 MPH)
|
|
Batting: LHB Mike Tenorio
|
0-0: Ball 1-0: Ball 2-0: Foul Ball, location: 2F 2-1: Ball 3-1: DOUBLE (Line Drive, 78D, EV 105.6 MPH)
|
|
Batting: RHB Jose Ramos
|
0-0: Called Strike 0-1: Ball 1-1: Foul Ball, location: 2F 1-2: Ball 2-2: Hit by Pitch
|
|
Batting: RHB Tim Molchan
|
0-0: Called Strike 0-1: Ball 1-1: Called Strike 1-2: Strikes out looking
|
| Bottom of the 3rd over - 2 runs, 3 hits, 0 errors, 2 left on base; West Virginia 6 - Rome 2 |
| TOP OF THE 4TH |
|
West Virginia Black Bears batting - Pitching for Rome Braves : RHP Jae-young Jhang
|
|
Batting: RHB Steve Dennis
|
0-0: Ball 1-0: Swinging Strike 1-1: Ball 2-1: DOUBLE (Line Drive, 9LM, EV 97.5 MPH)
|
|
Batting: LHB Joe Hoover
|
0-0: Ground out 4-3 (Groundball, 4, EV 103.8 MPH) Steve Dennis to third
|
|
Batting: LHB Gregg Kellerman
|
0-0: Foul Ball, location: 2F 0-1: SINGLE (Groundball, 6, EV 88.8 MPH) (infield hit) Steve Dennis scores
|
|
Batting: RHB Mike Velazquez
|
0-0: Swinging Strike 0-1: Ball 1-1: Ball 2-1: Swinging Strike 2-2: Strikes out looking
|
|
Batting: RHB John Goynes
|
0-0: Called Strike 0-1: Foul Ball, location: 2F 0-2: Strikes out swinging
|
| Top of the 4th over - 1 run, 2 hits, 0 errors, 1 left on base; West Virginia 7 - Rome 2 |
| BOTTOM OF THE 4TH |
|
Rome Braves batting - Pitching for West Virginia Black Bears : RHP Ian Toney
|
|
Batting: RHB Peter Wheeler
|
0-0: Ball 1-0: Ground out 4-3 (Groundball, 4M, EV 91.2 MPH)
|
|
Batting: LHB Malik Boulay
|
0-0: Called Strike 0-1: Swinging Strike 0-2: Foul Ball, location: 2F 0-2: Ball 1-2: Strikes out looking
|
|
Batting: RHB Adrian Billups
|
0-0: Ball 1-0: Called Strike 1-1: Foul Ball, location: 2F 1-2: Ball 2-2: Foul Ball, location: 2F 2-2: Strikes out swinging
|
| Bottom of the 4th over - 0 runs, 0 hits, 0 errors, 0 left on base; West Virginia 7 - Rome 2 |
| TOP OF THE 5TH |
|
West Virginia Black Bears batting - Pitching for Rome Braves : RHP Jae-young Jhang
|
|
Batting: LHB Brandon Sarni
|
0-0: Called Strike 0-1: Foul Ball, location: 2F 0-2: Foul Ball, location: 5F, Error on foul ball, E5 0-2: Ball 1-2: Ball 2-2: Foul Ball, location: 2F 2-2: Foul Ball, location: 2F 2-2: Ball 3-2: TRIPLE (Flyball, 78XD, EV 89.4 MPH)
|
|
Batting: LHB Donald Imre
|
0-0: Called Strike 0-1: Ball 1-1: Ball Wild Pitch! Brandon Sarni scores 2-1: Ball 3-1: Base on Balls
|
|
Pitching: RHP Jeremy Hurley
|
|
|
Batting: SHB Mike Corley
|
0-0: Ball Donald Imre steals 2nd base 1-0: Ball 2-0: Foul Ball, location: 2F 2-1: Swinging Strike 2-2: Foul Ball, location: 2F 2-2: Foul Ball, location: 2F 2-2: Strikes out swinging
|
|
Batting: RHB Richard Barrios
|
0-0: Ball 1-0: Foul Ball, location: 2F 1-1: Ball 2-1: SINGLE (Groundball, 56D, EV 110.6 MPH) Donald Imre to third Runner from 3rd tries for Home, SAFE, throw by LF to home
|
|
Batting: RHB Steve Dennis
|
0-0: Ball 1-0: DOUBLE (Groundball, 5L, EV 110.0 MPH) Richard Barrios to third Runner from 3rd tries for Home, SAFE, throw by LF to home
|
|
Batting: LHB Joe Hoover
|
0-0: Foul Ball, location: 2F 0-1: Ball 1-1: Foul Ball, location: 2F 1-2: Foul Ball, location: 2F 1-2: Foul Ball, location: 2F 1-2: SINGLE (Groundball, 4MD, EV 99.4 MPH) Steve Dennis to third
|
|
Pitching: RHP Bobby Feig
|
|
|
Batting: LHB Gregg Kellerman
|
0-0: Ball 1-0: Ball 2-0: Called Strike 2-1: Fielders Choice at 2nd, 3-6 (Groundball, 3, EV 80.0 MPH) Steve Dennis scores
|
|
Batting: RHB Mike Velazquez
|
0-0: Ball 1-0: Ball 2-0: Ball 3-0: Called Strike 3-1: Called Strike 3-2: Base on Balls Gregg Kellerman to second
|
|
Batting: RHB John Goynes
|
0-0: Ball 1-0: Called Strike 1-1: Ball 2-1: SINGLE (Line Drive, 34D, EV 98.1 MPH) Gregg Kellerman to third Mike Velazquez to second Runner from 3rd tries for Home, SAFE, throw by RF to home
|
|
Batting: LHB Brandon Sarni
|
0-0: DOUBLE (Line Drive, 7LM, EV 111.9 MPH) Mike Velazquez scores John Goynes to third
|
|
Batting: LHB Donald Imre
|
0-0: Ball 1-0: Foul Ball, location: 2F 1-1: SINGLE (Groundball, 4S, EV 65.0 MPH) (infield hit) John Goynes scores Brandon Sarni to third
|
|
Pitching: RHP Eric Reeser
|
|
|
Batting: SHB Mike Corley
|
0-0: Ball 1-0: Ball 2-0: Called Strike 2-1: Ball 3-1: Base on Balls Donald Imre to second
|
|
Batting: RHB Richard Barrios
|
0-0: Ball 1-0: Foul Ball, location: 2F 1-1: Fielders Choice at 2nd, 6-4 (Groundball, 6, EV 90.0 MPH)
|
| Top of the 5th over - 7 runs, 7 hits, 1 error, 3 left on base; West Virginia 14 - Rome 2 |
| BOTTOM OF THE 5TH |
|
Rome Braves batting - Pitching for West Virginia Black Bears : RHP Ian Toney
|
|
Batting: RHB Alex Velasquez
|
0-0: Ball 1-0: Ball 2-0: Called Strike 2-1: Swinging Strike 2-2: Fly out, F7 (Flyball, 7D, EV 83.8 MPH)
|
|
Batting: RHB Brandon Burrell
|
0-0: Ball 1-0: Ball 2-0: Called Strike 2-1: Ball 3-1: Base on Balls
|
|
Batting: RHB Ike Trout
|
0-0: Ball 1-0: Ball 2-0: Ball 3-0: Called Strike 3-1: Swinging Strike 3-2: Foul Ball, location: 2F 3-2: Foul Ball, location: 2F 3-2: SINGLE (Flyball, 78S, EV 98.1 MPH) Brandon Burrell to second
|
|
Pitching: RHP Yuan-zhang Pi
|
|
|
Batting: LHB Mike Tenorio
|
0-0: Ball 1-0: Ball 2-0: Called Strike 2-1: Swinging Strike 2-2: Strikes out swinging
|
|
Batting: RHB Jose Ramos
|
0-0: Called Strike 0-1: Ball 1-1: Ball 2-1: Ball 3-1: DOUBLE (Flyball, 8RXD, EV 99.4 MPH) Brandon Burrell scores Ike Trout to third Runner from 3rd tries for Home, SAFE, throw by CF to home
|
|
Batting: RHB Tim Molchan
|
0-0: Called Strike 0-1: Ball 1-1: Ball 2-1: Ball 3-1: Base on Balls
|
|
Batting: RHB Peter Wheeler
|
0-0: Swinging Strike 0-1: Fielders Choice at 2nd, 6-4 (Groundball, 6, EV 107.5 MPH)
|
| Bottom of the 5th over - 2 runs, 2 hits, 0 errors, 2 left on base; West Virginia 14 - Rome 4 |
| TOP OF THE 6TH |
|
West Virginia Black Bears batting - Pitching for Rome Braves : RHP Eric Reeser
|
|
Batting: RHB Steve Dennis
|
0-0: Called Strike 0-1: SINGLE (Groundball, 4D, EV 100.0 MPH)
|
|
Batting: LHB Joe Hoover
|
0-0: TRIPLE (Flyball, 9LD, EV 106.9 MPH) Steve Dennis scores
|
|
Batting: LHB Gregg Kellerman
|
0-0: Ball 1-0: Foul Ball, location: 2F 1-1: Called Strike 1-2: Ball 2-2: Ball 3-2: Foul Ball, location: 2F 3-2: Ground out 1-3 (Groundball, 34S, EV 73.8 MPH)
|
|
Batting: RHB Mike Velazquez
|
0-0: Ground out 6-3 (Groundball, 6, EV 87.5 MPH) Joe Hoover scores
|
|
Batting: RHB John Goynes
|
0-0: Ball 1-0: Ball 2-0: Ball 3-0: Base on Balls
|
|
Batting: LHB Brandon Sarni
|
0-0: Foul Ball, location: 2F 0-1: Ball 1-1: Ball Wild Pitch! John Goynes to second 2-1: Ground out 4-3 (Groundball, 4, EV 88.1 MPH)
|
| Top of the 6th over - 2 runs, 2 hits, 0 errors, 1 left on base; West Virginia 16 - Rome 4 |
| BOTTOM OF THE 6TH |
|
Rome Braves batting - Pitching for West Virginia Black Bears : RHP Yuan-zhang Pi
|
|
Batting: LHB Malik Boulay
|
0-0: Called Strike 0-1: Ball 1-1: Called Strike 1-2: Strikes out swinging
|
|
Batting: RHB Adrian Billups
|
0-0: Ball 1-0: Called Strike 1-1: Ground out 1-3 (Groundball, P, EV 66.2 MPH)
|
|
Batting: RHB Alex Velasquez
|
0-0: Ball 1-0: Ball 2-0: Swinging Strike 2-1: Ball 3-1: Ground out 4-3 (Groundball, 34, EV 86.9 MPH)
|
| Bottom of the 6th over - 0 runs, 0 hits, 0 errors, 0 left on base; West Virginia 16 - Rome 4 |
| TOP OF THE 7TH |
|
West Virginia Black Bears batting - Pitching for Rome Braves : RHP Eric Reeser
|
|
Batting: LHB Donald Imre
|
0-0: Swinging Strike 0-1: Foul Ball, location: 2F 0-2: Ball 1-2: Strikes out swinging
|
|
Batting: SHB Mike Corley
|
0-0: Called Strike 0-1: Ball 1-1: Ball 2-1: Foul Ball, location: 2F 2-2: SINGLE (Line Drive, 6MD, EV 112.5 MPH)
|
|
Batting: RHB Richard Barrios
|
0-0: Called Strike 0-1: Foul Ball, location: 2F 0-2: Ball Wild Pitch! Mike Corley to second 1-2: Ground out 5-3 (Groundball, 5, EV 85.6 MPH)
|
|
Batting: RHB Steve Dennis
|
Balk! Mike Corley to third 0-0: Called Strike 0-1: Ball 1-1: Ball 2-1: Ball 3-1: Base on Balls
|
|
Batting: LHB Joe Hoover
|
0-0: Called Strike 0-1: Ball 1-1: Swinging Strike 1-2: Foul Ball, location: 2F 1-2: Ball 2-2: Foul Ball, location: 2F 2-2: Ground out 4-3 (Groundball, 4, EV 81.2 MPH)
|
| Top of the 7th over - 0 runs, 1 hit, 0 errors, 2 left on base; West Virginia 16 - Rome 4 |
| BOTTOM OF THE 7TH |
|
Rome Braves batting - Pitching for West Virginia Black Bears : RHP Yuan-zhang Pi
|
|
Batting: RHB Brandon Burrell
|
0-0: Ball 1-0: Swinging Strike 1-1: Swinging Strike 1-2: Ground out 6-3 (Groundball, 6S, EV 93.1 MPH)
|
|
Batting: RHB Ike Trout
|
0-0: Called Strike 0-1: Swinging Strike 0-2: Strikes out swinging
|
|
Batting: LHB Mike Tenorio
|
0-0: Ball 1-0: Foul Ball, location: 2F 1-1: Called Strike 1-2: Ball 2-2: Foul Ball, location: 2F 2-2: TRIPLE (Flyball, 9LD, EV 90.0 MPH)
|
|
Batting: RHB Jose Ramos
|
0-0: SINGLE (Groundball, 6S, EV 66.2 MPH) (infield hit) Mike Tenorio scores
|
|
Batting: RHB Tim Molchan
|
0-0: Ball 1-0: Fly out, F8 (Flyball, 8RD, EV 96.9 MPH)
|
| Bottom of the 7th over - 1 run, 2 hits, 0 errors, 1 left on base; West Virginia 16 - Rome 5 |
| TOP OF THE 8TH |
|
West Virginia Black Bears batting - Pitching for Rome Braves : RHP Eric Reeser
|
|
Pitching: RHP David Zelaya
|
|
|
Pinch Hitting: RHB Tim Brereton
|
0-0: Called Strike 0-1: Swinging Strike 0-2: Ball 1-2: Ground out U3 (Groundball, 34S, EV 86.9 MPH)
|
|
Batting: RHB Mike Velazquez
|
0-0: Ball 1-0: Called Strike 1-1: Ball 2-1: Foul Ball, location: 2F 2-2: Ball 3-2: DOUBLE (Line Drive, 89D, EV 112.5 MPH)
|
|
Batting: RHB John Goynes
|
0-0: SINGLE (Line Drive, 6M, EV 107.5 MPH) Mike Velazquez to third Throwing error, E8 Mike Velazquez scores John Goynes to second
|
|
Batting: LHB Brandon Sarni
|
0-0: Called Strike 0-1: Swinging Strike Balk! John Goynes to third 0-2: Ball 1-2: Strikes out swinging
|
|
Batting: LHB Donald Imre
|
0-0: Ball 1-0: Ball 2-0: SINGLE (Groundball, 6MD, EV 106.2 MPH) John Goynes scores
|
|
Batting: SHB Mike Corley
|
0-0: Called Strike 0-1: SINGLE (Line Drive, 78S, EV 91.9 MPH) Donald Imre to second
|
|
Batting: RHB Richard Barrios
|
0-0: Fly out, F4 (Popup, 23, EV 96.2 MPH)
|
| Top of the 8th over - 2 runs, 4 hits, 1 error, 2 left on base; West Virginia 18 - Rome 5 |
| BOTTOM OF THE 8TH |
|
Rome Braves batting - Pitching for West Virginia Black Bears : RHP Yuan-zhang Pi
|
|
Pitching: RHP Xavier Stovall
|
|
|
Now at 1B: Tim Brereton
|
|
|
Batting: RHB Peter Wheeler
|
0-0: Foul Ball, location: 2F 0-1: Foul Ball, location: 2F 0-2: Strikes out swinging
|
|
Batting: LHB Malik Boulay
|
0-0: Ball 1-0: Fly out, F7 (Flyball, 7S, EV 94.4 MPH)
|
|
Pinch Hitting: LHB Javier Rubio
|
0-0: Ball 1-0: Ball 2-0: Called Strike 2-1: Ball 3-1: Base on Balls
|
|
Pinch Hitting: LHB Joe Phillips
|
0-0: Ball 1-0: Fly out, F8 (Line Drive, 8RD, EV 103.8 MPH)
|
| Bottom of the 8th over - 0 runs, 0 hits, 0 errors, 1 left on base; West Virginia 18 - Rome 5 |
| TOP OF THE 9TH |
|
West Virginia Black Bears batting - Pitching for Rome Braves : RHP David Zelaya
|
|
Now at 1B: Ike Trout
|
|
|
Now at 2B: Peter Wheeler
|
|
|
Now at SS: Joe Phillips
|
|
|
Now in LF: Jose Ramos
|
|
|
Now in CF: Javier Rubio
|
|
|
Batting: RHB Steve Dennis
|
0-0: Ball 1-0: Called Strike 1-1: Ball 2-1: Ball 3-1: Foul Ball, location: 2F 3-2: Base on Balls
|
|
Batting: LHB Joe Hoover
|
0-0: Ball 1-0: Ball 2-0: Foul Ball, location: 2F 2-1: Ball 3-1: Base on Balls Steve Dennis to second
|
|
Batting: RHB Tim Brereton
|
0-0: Ball 1-0: Swinging Strike 1-1: Foul Ball, location: 2F 1-2: Ball 2-2: Strikes out swinging
|
|
Batting: RHB Mike Velazquez
|
0-0: Foul Ball, location: 2F 0-1: Ball 1-1: Called Strike 1-2: Ball 2-2: Foul Ball, location: 2F 2-2: Foul Ball, location: 2F 2-2: Foul Ball, location: 2F 2-2: Ball Wild Pitch! Steve Dennis to third Joe Hoover to second 3-2: Foul Ball, location: 2F 3-2: Base on Balls
|
|
Batting: RHB John Goynes
|
0-0: Swinging Strike 0-1: Ball 1-1: Swinging Strike 1-2: Foul Ball, location: 2F 1-2: Foul Ball, location: 2F 1-2: Ball 2-2: Foul Ball, location: 2F 2-2: Ball 3-2: Base on Balls Steve Dennis scores Joe Hoover to third Mike Velazquez to second
|
|
Pitching: RHP Marvin Rosas
|
|
|
Batting: LHB Brandon Sarni
|
0-0: Called Strike 0-1: Ball 1-1: DOUBLE (Line Drive, 78M, EV 104.4 MPH) Joe Hoover scores Mike Velazquez scores John Goynes to third
|
|
Batting: LHB Donald Imre
|
0-0: Called Strike 0-1: Foul Ball, location: 2F 0-2: Ball 1-2: Strikes out swinging, 2-3 out at first.
|
|
Batting: SHB Mike Corley
|
0-0: Hit by Pitch
|
|
Batting: RHB Richard Barrios
|
0-0: Ball 1-0: SINGLE (Flyball, 78S, EV 96.2 MPH) John Goynes scores Brandon Sarni to third Mike Corley to second Runner from 3rd tries for Home, SAFE, throw by CF to home
|
|
Batting: RHB Steve Dennis
|
0-0: Fielders Choice at 2nd, 6-4 (Groundball, 56, EV 90.6 MPH)
|
| Top of the 9th over - 5 runs, 2 hits, 0 errors, 2 left on base; West Virginia 23 - Rome 5 |
| BOTTOM OF THE 9TH |
|
Rome Braves batting - Pitching for West Virginia Black Bears : RHP Xavier Stovall
|
|
Batting: RHB Brandon Burrell
|
0-0: Called Strike 0-1: Foul Ball, location: 2F 0-2: Ball 1-2: Ball 2-2: Ball 3-2: Foul Ball, location: 2F 3-2: Strikes out swinging
|
|
Batting: RHB Ike Trout
|
0-0: Ball 1-0: Ball 2-0: Foul Ball, location: 2F 2-1: Called Strike 2-2: Ground out 6-3 (Groundball, 56, EV 101.2 MPH)
|
|
Batting: LHB Mike Tenorio
|
0-0: Ball 1-0: Ball 2-0: Foul Ball, location: 2F 2-1: Ball 3-1: Called Strike 3-2: Foul Ball, location: 2F 3-2: Foul Ball, location: 2F 3-2: Base on Balls
|
|
Batting: RHB Jose Ramos
|
0-0: Foul Ball, location: 2F 0-1: Fly out, F9 (Line Drive, 9, EV 91.9 MPH)
|
| Bottom of the 9th over - 0 runs, 0 hits, 0 errors, 1 left on base; West Virginia 23 - Rome 5 |
|